AoeStats
← ska_18

Arena

505247242Analyzed
3v3 RM · 23d ago on Sep 8, 2026· 38m 35s· 6 players
Game mode
Random Map
Map size
Normal (6 player)
Population
200
Speed
Normal
Resources
Standard
Victory
Conquest
Starting age
Dark Age
Ending age
Imperial Age
RankedLock teamsTeams togetherTeam positionsShared explorationLock speedFull tech treeHidden civsTurbo modeCheats
Victory
Defeat
🇰🇷 Turks · South Korea
1120
+17
🇻🇳 Romans · Vietnam
1117
+17
🇻🇳 Teutons · Vietnam
1077
+18
🇹🇼 Magyars · Taiwan
1235
-22
🇨🇳 Goths · China
1109
-16
🇦🇹 Saracens · Austria
1055
-14
Nghĩa Phan Xá
10:36 Feudal Age
11:37 Loom
14:50 Castle Age
13:08 Double-Bit Axe
13:18 Horse Collar
19:00 Bow Saw
21:53 Heavy Plow
26:06 Imperial Age
24:04 Scale Mail Armor
24:15 Forging
23:44 Man-at-Arms
24:54 Gold Mining
24:55 Stone Mining
25:38 Chain Mail Armor
25:28 Long Swordsman
27:09 Squires
27:46 Iron Casting
27:23 Legionary
30:05 Blast Furnace
30:40 Wheelbarrow
31:06 Conscription
32:54 Gold Shaft Mining
Mr.Godo
12:43 Feudal Age
12:49 Feudal Age
16:51 Castle Age
14:44 Double-Bit Axe
14:50 Gold Mining
16:14 Horse Collar
21:17 Imperial Age
23:42 Bow Saw
24:32 Wheelbarrow
27:12 Padded Archer Armor
33:41 Heavy Plow
35:26 Conscription
37:34 Hand Cart
38:27 Two-Man Saw
38:56 Artillery
Xin đừng đánh em
11:30 Feudal Age
11:24 Loom
15:42 Castle Age
14:25 Double-Bit Axe
14:23 Horse Collar
17:42 Bow Saw
17:39 Heavy Plow
19:42 Wheelbarrow
19:47 Town Watch
20:29 Pikeman
23:21 Scale Mail Armor
24:02 Gold Mining
25:16 Fortified Wall
25:29 Stone Mining
30:36 Imperial Age
28:18 Forging
28:43 Hand Cart
29:02 Scale Barding Armor
29:00 Squires
29:39 Bloodlines
30:35 Iron Casting
30:21 Chain Barding Armor
31:03 Chain Mail Armor
31:41 Conscription
30:44 Cavalier
32:26 Blast Furnace
32:46 Town Patrol
32:49 Caravan
33:45 Stone Shaft Mining
34:14 Two-Man Saw
34:17 Halberdier
35:22 Masonry
37:48 Chemistry
38:19 Plate Barding Armor
洗勒烤喔
8:11 Loom
10:35 Feudal Age
16:55 Castle Age
15:28 Double-Bit Axe
15:47 Horse Collar
23:21 Town Watch
25:48 Wheelbarrow
26:50 Bow Saw
26:49 Gold Mining
27:40 Hand Cart
28:37 Heavy Plow
28:49 Corvinian Army
32:07 Imperial Age
30:28 Scale Barding Armor
30:58 Fletching
31:44 Chain Barding Armor
32:54 Bloodlines
32:44 Husbandry
33:15 Conscription
33:06 Elite Magyar Huszar
36:23 Chemistry
35:19 Murder Holes
35:31 Siege Engineers
38:42 Two-Man Saw
38:51 Crop Rotation
39:34 Plate Barding Armor
38:55 Bodkin Arrow
ska_18
10:16 Feudal Age
15:52 Castle Age
13:39 Loom
14:19 Double-Bit Axe
14:15 Horse Collar
17:40 Wheelbarrow
17:16 Bow Saw
17:53 Stone Mining
20:08 Forging
20:24 Scale Barding Armor
21:06 Gold Mining
23:26 Iron Casting
23:12 Chain Barding Armor
23:47 Bloodlines
26:58 Town Watch
28:03 Hand Cart
28:29 Fletching
29:16 Gold Shaft Mining
30:58 Husbandry
30:49 Treadmill Crane
FishKid
0:44 Loom
11:00 Feudal Age
16:47 Castle Age
14:48 Double-Bit Axe
15:26 Horse Collar
18:25 Bow Saw
18:57 Wheelbarrow
18:32 Heavy Plow
24:59 Gold Mining
25:02 Stone Mining
26:03 Hand Cart
31:31 Imperial Age
29:10 Scale Mail Armor
29:21 Forging
30:28 Chain Mail Armor
31:02 Anarchy
31:39 Iron Casting
31:38 Squires
30:59 Pikeman
32:20 Perfusion
35:35 Elite Huskarl
37:17 Blast Furnace
Connection lost

Rejoining the realm…

Still unreachable

The connection could not be restored.

Session expired

The server has moved on; the page needs a fresh start.